 Dungeon Crawl Stone Soup version 0.18-a0-750-g37044d6 (webtiles) character file.

1333 ventricule the Cleaver (level 8, -5/64 HPs)
             Began as a Minotaur Berserker on Dec 11, 2015.
             Was a Priest of Trog.
             Incinerated by a balrug (8 damage)
             ... with a sticky flame
             ... on level 1 of the Abyss.
             The game lasted 00:05:12 (3141 turns).

ventricule the Cleaver (Minotaur Berserker)         Turns: 3141, Time: 00:05:13

Health: -5/64      AC: 14    Str: 23      XL:     8   Next: 34%
Magic:  7/7        EV:  7    Int:  6      God:    Trog [***...]
Gold:   193        SH:  0    Dex:  6 (9)  Spells: 0 memorised, 7 levels left

rFire  . . .     SeeInvis .     a - +1 hand axe
rCold  . . .     Clarity  +     u - +1 plate armour
rNeg   . . .     SustAt   .     (no shield)
rPois  .         Gourm    .     (helmet restricted)
rElec  .         Spirit   .     (no cloak)
rCorr  .         Dismiss  .     (no gloves)
rMut   .         Stasis   .     (no boots)
MR     +....                    v - amulet of clarity
Stlth  ..........               t - ring of protection from magic
                                (no ring)

@: exhausted, liquid flames, very slightly contaminated, non-regenerating,
diseased, hasted and slowed, glowing, somewhat resistant to hostile
enchantments, extremely unstealthy
A: retaliatory headbutt, horns 2
a: Berserk, Trog's Hand, Burn Spellbooks, Renounce Religion


You were on level 1 of the Abyss.
You worshipped Trog.
Trog was most pleased with you.
You were very hungry.

You visited 1 branch of the dungeon, and saw 5 of its levels.
You visited the Abyss 1 time.

You collected 193 gold pieces.


Innate Abilities, Weirdness & Mutations

You reflexively headbutt those who attack you in melee.
You have a pair of horns on your head.


   Skills:
 - Level 3.6 Fighting
 + Level 10.0 Axes
 + Level 8.2 Armour
 - Level 2.1 Dodging


You had 7 spell levels left.
You didn't know any spells.

Inventory:

Hand Weapons
 a - a +1 hand axe (weapon)
Missiles
 p - a throwing net {=f}
Armour
 b - a +0 animal skin
 g - a +0 ring mail
 m - a +0 chain mail
 u - a +1 plate armour (worn)
Jewellery
 t - a ring of protection from magic (right hand)
 v - an amulet of clarity (around neck)
Scrolls
 f - 2 scrolls of fear
 k - a scroll of enchant armour
 o - a scroll of blinking
 s - a scroll of identify {@r1}
 x - a scroll of remove curse
Potions
 d - a potion of might {unknown}
 e - 4 potions of degeneration {!q}
 h - a potion of invisibility {unknown}
 j - a potion of heal wounds {@q2}
 l - 2 potions of haste {@q3}
 n - a potion of poison {unknown}
 q - 2 potions of curing {@q1}
 z - a potion of agility {unknown}
Comestibles
 c - 4 bread rations
 r - 3 meat rations

Dungeon Overview and Level Annotations

Branches:
Dungeon (5/15)
 Temple: D:4-7

Altars:
Trog

▒.▒..▒.▒..▒▒▒ ▒ ...
▒..▒..▒.▒▒.▒ ▒ .
.▒..▒▒...... .▒▒
▒.▒▒...▒..▒▒ ▒.......▒
▒..▒.▒....... ▒▒.▒▒...
▒.......▒...▒.▒▒.▒.▒..
▒.....▒▒.....▒▒...▒.
▒>.▒X▒.▒▒..▒▒........
▒...H....▒....▒....
▒▒▒....2▒▒4▒..4..▒. .
▒▒.....▒..▒.▒......
▒....▒44...▒▒.▒▒.
▒..▒.▒▒.▒ ▒..... .
▒▒............▒
.▒▒......▒.▒▒. ▒▒
...▒....... ......▒.
...


You could see a balrug, a large abomination and 2 red devils.


Message History

A balrug comes into view.
It is wielding a demon whip of freezing.
The balrug shouts!
A red devil comes into view. It is wielding a trident.
The red devil moves out of view.
The balrug gestures at you. The sticky flame hits you!
You are covered in liquid flames!
A red devil comes into view.
It is wielding a demon trident of electrocution.
Drink which item? (? for menu, Esc to quit)
You feel yourself speed up.
You are covered in liquid flames!
The red devil hits you from afar with a trident.
You are very lightly contaminated with residual magic.
You are covered in liquid flames!
You are covered in liquid flames!
You are covered in liquid flames!
Found a gateway leading deeper into the Abyss.
You are covered in liquid flames!
The balrug gestures at you. The bolt of fire hits you!
* * * LOW HITPOINT WARNING * * *
The balrug gestures at you. The sticky flame hits you!
You are covered in liquid flames!
You are covered in liquid flames!
* * * LOW HITPOINT WARNING * * *
You are covered in liquid flames!
* * * LOW HITPOINT WARNING * * *
You are covered in liquid flames!
You die...

Action                   |  1- 3 |  4- 6 |  7- 9 || total
-------------------------+-------+-------+-------++-------
Melee: Hand axe          |    75 |   103 |    83 ||   261
Invok: Berserk           |       |     3 |     2 ||     5
       Trog's Hand       |       |       |     2 ||     2
  Use: Scroll            |       |    10 |     4 ||    14
       Potion            |       |       |     1 ||     1
  Eat: Chunk             |     1 |     6 |     4 ||    11

Vault maps used:
D:1:      dpeg_arrival_round_c
D:3:      first_bread, minmay_misc_feat_roman, trog_book
D:4:      uniq_duvessa, uniq_grinder, uniq_edmund

Notes
Turn   | Place    | Note
--------------------------------------------------------------
     0 | D:1      | ventricule the Minotaur Berserker began the quest for the Orb.
     0 | D:1      | Reached XP level 1. HP: 19/19 MP: 0/0
   101 | D:1      | Reached skill level 4 in Axes
   362 | D:1      | Reached XP level 2. HP: 26/26 MP: 1/1
  1142 | D:2      | Reached skill level 5 in Axes
  1142 | D:2      | Reached XP level 3. HP: 31/31 MP: 2/2
  1386 | D:2      | Reached ** piety under Trog
  1652 | D:3      | Reached XP level 4. HP: 37/39 MP: 3/3
  1659 | D:3      | Reached skill level 6 in Axes
  1787 | D:3      | Reached skill level 3 in Armour
  1787 | D:3      | Reached XP level 5. HP: 33/45 MP: 4/4
  2021 | D:3      | Found a bloodstained altar of Trog.
  2048 | D:3      | Reached *** piety under Trog
  2051 | D:3      | Reached skill level 7 in Axes
  2051 | D:3      | Reached skill level 4 in Armour
  2228 | D:3      | Reached XP level 6. HP: 51/51 MP: 5/5
  2453 | D:4      | Noticed Duvessa
  2456 | D:4      | Noticed Dowan
  2461 | D:4      | Reached skill level 5 in Armour
  2469 | D:4      | Killed Dowan
  2469 | D:4      | Reached skill level 8 in Axes
  2471 | D:4      | Killed Duvessa
  2471 | D:4      | Reached skill level 6 in Armour
  2471 | D:4      | Reached XP level 7. HP: 57/57 MP: 6/6
  2621 | D:4      | Noticed Grinder
  2630 | D:4      | Noticed Edmund
  2634 | D:4      | Killed Grinder
  2639 | D:4      | Reached skill level 9 in Axes
  2642 | D:4      | Killed Edmund
  2642 | D:4      | Reached skill level 7 in Armour
  2778 | D:4      | Reached **** piety under Trog
  2878 | D:5      | Entered Level 5 of the Dungeon
  2882 | D:5      | Reached XP level 8. HP: 64/64 MP: 7/7
  3009 | D:5      | Cast into level 1 of the Abyss (gnoll)
  3114 | Abyss:1  | Noticed an ancient zyme
  3124 | Abyss:1  | Killed an ancient zyme
  3124 | Abyss:1  | Reached skill level 10 in Axes
  3124 | Abyss:1  | Reached skill level 8 in Armour
  3131 | Abyss:1  | Noticed a red devil
  3132 | Abyss:1  | Noticed a balrug
  3133 | Abyss:1  | Noticed a red devil
  3134 | Abyss:1  | Noticed a red devil
  3140 | Abyss:1  | HP: 3/64 [burnt (5)]
  3141 | Abyss:1  | Incinerated by a balrug

Vanquished Creatures
  An ancient zyme (Abyss:1)
  Grinder (D:4)
  Edmund (D:4)
  Duvessa (D:4)
  An ogre (D:4)
  Dowan (D:4)
  A quasit (Abyss:1)
  3 orc priests (D:3)
  A hound (D:4)
  4 orc wizards
  2 worker ants
  A hound skeleton (D:4)
  2 gnolls (D:5)
  8 adders
  A white imp (Abyss:1)
  An ufetubus (Abyss:1)
  An ooze (D:1)
  An adder skeleton (D:4)
  5 worms
  5 giant geckos
  18 orcs
  8 bats
  3 giant cockroaches
  8 goblins
  3 hobgoblins
  3 jackals (D:3)
  3 kobolds
  A quokka (D:4)
  A ball python (D:3)
  6 giant newts
  10 rats
106 creatures vanquished.

Vanquished Creatures (others)
  A plant (Abyss:1)
1 creature vanquished.

Grand Total: 107 creatures vanquished
